 Dungeon Crawl Stone Soup version 0.22.1-1-ga44c0e5 (webtiles) character file.

67 roasted the Poker (level 4, 0/41 HPs)
             Began as a Minotaur Berserker on Oct 6, 2018.
             Was a Believer of Trog.
             Slain by a quasit (2 damage)
             ... on level 3 of the Dungeon.
             The game lasted 00:10:49 (1686 turns).

roasted the Poker (Minotaur Berserker)              Turns: 1686, Time: 00:10:49

Health: 0/41       AC:  2    Str: 22      XL:     4   Next: 0%
Magic:  3/3        EV:  2    Int:  4      God:    Trog [**....]
Gold:   175        SH:  0    Dex:  0 (10) Spells: 3/3 levels left

rFire    . . .     SeeInvis .   p - -3 blowgun (curse)
rCold    . . .     Gourm    .   k - +0 large shield
rNeg     . . .     Faith    .   b - +0 animal skin
rPois    .         Spirit   .   (helmet restricted)
rElec    .         Reflect  .   (no cloak)
rCorr    .         Harm     .   (no gloves)
MR       .....                  (no boots)
Stlth    ..........             (no amulet)
HPRegen  0.13/turn              (no ring)
MPRegen  0.08/turn              (no ring)

@: about to teleport, slowed, lost dexterity, very slow
A: retaliatory headbutt, horns 2
a: Berserk, Trog's Hand, Renounce Religion


You were on level 3 of the Dungeon.
You worshipped Trog.
Trog was pleased with you.
You were not hungry.

You visited 1 branch of the dungeon, and saw 3 of its levels.

You collected 175 gold pieces.

Inventory:

Hand Weapons
 a - a +0 spear
 l - a +0 rapier
 p - a cursed -3 blowgun (weapon)
Missiles
 q - 5 poisoned needles (quivered)
Armour
 b - a +0 animal skin (worn)
 j - a +0 chain mail
 k - a +0 large shield (worn)
Scrolls
 d - 5 scrolls of teleportation
 g - 2 scrolls of enchant armour {unknown}
 h - a scroll of blinking {unknown}
 i - a scroll of remove curse {unknown}
 n - a scroll of fog {unknown}
 o - a scroll of enchant weapon {unknown}
Potions
 e - a potion of ambrosia
 f - a potion of resistance
 m - a potion of heal wounds {unknown}
Comestibles
 c - 2 rations


   Skills:
 + Level 4.5 Fighting
 + Level 4.8 Polearms
 + Level 2.7 Armour
 + Level 2.6 Dodging


You had 3 spell levels left.
You didn't know any spells.
Your spell library was empty.

Dungeon Overview and Level Annotations

Branches:
Dungeon (3/15)

Altars:
Ru


Innate Abilities, Weirdness & Mutations

You reflexively headbutt those who attack you in melee.
You have a pair of horns on your head.


Message History

The quasit bites you.
* * * LOW HITPOINT WARNING * * *
The quasit claws you but does no damage.
The quasit claws you.
* * * LOW HITPOINT WARNING * * *
The quasit bites you but does no damage.
The quasit claws you but does no damage. x2
You can move again.
As you read the scroll labeled AFFIPTENKU, it crumbles to dust.
You feel strangely unstable.
It was a scroll of teleportation.
The quasit bites you but does no damage.
The quasit claws you but does no damage.
The quasit claws you.
* * * LOW HITPOINT WARNING * * *
The quasit bites you.
* * * LOW HITPOINT WARNING * * *
The quasit claws you.
* * * LOW HITPOINT WARNING * * *
The quasit claws you.
You die...

...
#...#..#...##
..
......#..#..#
#...#.##.###.#
.... #.# #.##
..# ##.# #..#
# .# #..# ##.#
# #.## #.#
#### ##.# #.#
#... #@.#
#.#### #.##
##.###5##
#....###.#
#......#
#........#
#$....##
#........#
#.....
#........#
#....#
#........#
#####
##########


You could see a quasit.

Vanquished Creatures
  3 adders
  An ooze (D:1)
  A worm (D:2)
  An orc (D:3)
  A giant cockroach (D:2)
  6 goblins
  3 hobgoblins
  A quokka (D:3)
  3 bats
  A frilled lizard (D:1)
  8 kobolds
  6 rats
35 creatures vanquished.

Notes
Turn   | Place    | Note
-------+----------+-------------------------------------------
     0 | D:1      | roasted the Minotaur Berserker began the quest for the Orb.
     0 | D:1      | Reached XP level 1. HP: 19/19 MP: 0/0
   602 | D:1      | Reached XP level 2. HP: 27/27 MP: 1/1
   987 | D:2      | Reached XP level 3. HP: 31/33 MP: 2/2
  1100 | D:2      | Found a sacrificial altar of Ru.
  1465 | D:3      | Reached ** piety under Trog
  1671 | D:3      | Reached XP level 4. HP: 41/41 MP: 3/3
  1682 | D:3      | Lost dexterity.
  1686 | D:3      | HP: 2/41 [quasit (2)]
  1686 | D:3      | Slain by a quasit

Skill      XL: |  1  2 |
---------------+-------+-----
Polearms       | 4 |  4.8
Fighting       | 4 |  4.5
Armour         | |  2.7
Dodging        | |  2.6

Action                   |  1- 3 |  4- 6 || total
-------------------------+-------+-------++-------
Melee: Spear             |    80 |       ||    80
       Headbutt          |    17 |       ||    17
       Blowgun           |     4 |    11 ||    15
  Use: Scroll            |     3 |     1 ||     4
       Potion            |     1 |       ||     1
  Eat: Ration            |     1 |       ||     1
Armor: Animal skin       |    16 |    20 ||    36
Dodge: Dodged            |    46 |    21 ||    67
Block: Large shield      |    16 |    25 ||    41
